 Dungeon Crawl Stone Soup version 0.29-a0-359-g541a27f54d (webtiles) character file.

Game seed: 3707248944967507941

181 Colgate the Sneak (level 5, -2/30 HPs)
             Began as a Kobold Brigand on Apr 27, 2022.
             Was a Follower of Ashenzari.
             Frozen to death by an endoplasm (5 damage)
             ... in a sewer.
             The game lasted 00:08:03 (2763 turns).

Colgate the Sneak (Kobold Brigand)                  Turns: 2763, Time: 00:08:04

Health: -2/30      AC:  2    Str:  9    XL:     5   Next: 92%
Magic:  5/5        EV: 16    Int: 12    God:    Ashenzari [*.....]
Gold:   177        SH:  0    Dex: 18    Spells: 4/4 levels left

rFire   . . .      SeeInvis .   a - +2 dagger
rCold   . . .      Faith    .   (no shield)
rNeg    . . .      Spirit   .   b - +0 robe "Cryptic Autotheism" {Cun, Fort} (curse)
rPois   .          Reflect  .   (no helmet)
rElec   .          Harm     .   c - +0 cloak "Share My Incredulity" {Alch, Cun} (curse)
rCorr   .          Rampage  .   j - +2 pair of gloves {Stlth+}
Will    .....                   (no boots)
Stlth   ++++++....              (no amulet)
HPRegen 0.10/turn               (no ring)
MPRegen 0.09/turn               (no ring)

@: corroded
A: small, no large weapons, nightstalker 3
a: Renounce Religion, Shatter the Chains


You were in a sewer.
You worshipped Ashenzari.
Ashenzari was aware of your devotion.
You visited 1 branch of the dungeon, and saw 3 of its levels.
You also visited: Sewer.

You collected 177 gold pieces.

Inventory:

Hand Weapons
 a - a +2 dagger (weapon)
Missiles
 d - 9 poisoned darts (quivered)
 e - 3 curare-tipped darts
Armour
 b - the cursed +0 robe "Cryptic Autotheism" (worn) {Cun, Fort}

   It has a curse which improves the following skills: Cunning: Dodging and
   Stealth.
   Fortitude: Armour and Shields.
 c - the cursed +0 cloak "Share My Incredulity" (worn) {Alch, Cun}

   It has a curse which improves the following skills: Alchemy: Poison Magic and
   Transmutations.
   Cunning:   Dodging and Stealth.
 j - a +2 pair of gloves of stealth (worn)
 q - a scarf of shadows
Jewellery
 w - a ring of flight
Scrolls
 i - a scroll of summoning
 l - 2 scrolls of identify {@r1}
 m - a scroll of holy word
 n - a scroll of amnesia
 s - 3 scrolls of enchant armour
 u - a scroll of fog
 x - 2 scrolls of noise
 y - a scroll of enchant weapon
 z - a scroll of vulnerability
 A - a scroll of immolation
Potions
 f - 3 potions of lignification
 g - a potion of resistance {@q5}
 h - 2 potions of brilliance
 k - a potion of degeneration
 o - a potion of curing {@q1}
 p - 2 potions of mutation
 r - a potion of attraction
 t - 2 potions of heal wounds {@q2}
 v - a potion of flight


   Skills:
 - Level 2.1 Fighting
 - Level 6.0 Short Blades
 - Level 2.1 Throwing
 - Level 2.6(3.7) Dodging
 + Level 6.5(7.8) Stealth


You had 4 spell levels left.
You didn't know any spells.
Your spell library contained the following spells:

 Spells                   Type           Power      Damage    Failure   Level
 Gell's Gravitas          Tloc           0%         N/A       69%         3
 Teleport Other           Tloc           0%         N/A       69%         3
 Dispersal                Tloc           0%         N/A       100%        6


Dungeon Overview and Level Annotations

Branches:
Dungeon (3/15)              Sewer (1/1)

Altars:
Ashenzari


Innate Abilities, Weirdness & Mutations

You are small and have problems with some larger weapons.
You are completely attuned to the shadows.


Message History

You see here a +0 hunting sling.
You see here a scroll of vulnerability.
z - a scroll of vulnerability You see here a scroll of immolation.
A - a scroll of immolation No target in view!
You enter the shallow water.
Moving in this stuff is going to be slow.
You see here a frilled lizard corpse.
A river rat comes into view.
An endoplasm comes into view.
You enter the shallow water.
Moving in this stuff is going to be slow.
A jelly comes into view.
The river rat bites you but does no damage.
The river rat bites you.
Your unstable footing causes you to fumble your attack.
The river rat misses you. The river rat barely misses you.
The endoplasm quivers.
You barely miss the endoplasm.
The river rat bites you but does no damage.
The endoplasm completely misses you.
The jelly quivers.
You hit the jelly.
Your hands burn!
The river rat closely misses you. The endoplasm freezes you.
You are frozen.
The jelly hits you but does no damage.
You hit the jelly.
Your hands burn!
You hit the jelly.
Your hands burn!
The river rat bites you but does no damage.
The endoplasm closely misses you. The jelly hits you. The acid corrodes you!
You are splashed with acid!
* * * LOW HITPOINT WARNING * * *
You hit the jelly.
You kill the jelly!
The river rat barely misses you. The endoplasm freezes you.
You are frozen.
You die...

#...## #≈..≈#
####≈≈≈≈#
#..†≈.≈≈##
##.≈.≈≈≈≈≈##
##.≈≈####≈≈≈#
#≈≈≈## ##≈.#
##≈≈## ####.≈##
#r@≈# ##.≈≈.≈.##
#.J≈≈###∩.≈≈≈≈≈†#
#...###.≈.###..≈#
#.≈≈≈
#≈.##.##≈.####
##≈≈≈
#..#≈..#..≈≈.#
≈##...≈.##......
≈≈##≈..##.≈.##.≈
.≈...≈≈#≈≈.##..≈
#≈≈≈.≈≈≈.≈##.≈≈#


You could see a river rat and an endoplasm.

Vanquished Creatures
  4 jellies (Sewer)
  Jessica (D:2)
  A river rat (D:3)
  3 worms
  2 dart slugs
  5 ball pythons
  9 endoplasms
  2 giant cockroaches
  2 goblins
  A hobgoblin (D:1)
  3 kobolds
  2 quokkas (D:2)
  5 bats
  3 frilled lizards
  5 rats
48 creatures vanquished.

Notes
Turn   | Place    | Note
-------+----------+-------------------------------------------
     0 | D:1      | Colgate the Kobold Brigand began the quest for the Orb.
     0 | D:1      | Reached XP level 1. HP: 12/12 MP: 1/1
   275 | D:1      | Reached XP level 2. HP: 17/17 MP: 2/2
  1310 | D:2      | Found a faded altar of an unknown god.
  1389 | D:2      | Reached XP level 3. HP: 21/21 MP: 3/3
  1408 | D:2      | Prayed at the altar of an unknown god.
  1408 | D:2      | Became a worshipper of Ashenzari the Shackled
  1423 | D:2      | Noticed Jessica
  1430 | D:2      | Killed Jessica
  1431 | D:2      | Reached skill level 5 in Short Blades
  1471 | D:2      | Reached XP level 4. HP: 26/26 MP: 4/4
  2474 | D:3      | Reached * piety under Ashenzari
  2584 | D:3      | Found a glowing drain.
  2594 | Sewer    | Entered a sewer
  2675 | Sewer    | Reached XP level 5. HP: 30/30 MP: 5/5
  2727 | Sewer    | Found a viscous altar of Jiyva.
  2763 | Sewer    | Frozen to death by an endoplasm

Illustrated notes

Levels and vault maps discovered:
D:1:      dpeg_arrival_tiny_a, layout_basic
D:2:      layout_basic, ebering_ecumenical_altar_petrified,
          nicolae_elevator_lobby_plus, uniq_jessica
D:3:      layout_loops_ring, cheibrodos_sewer_entry_sluice,
          minmay_misc_feat_encased, eino_tiny_chamber, uniq_sigmund
Sewer:    sewer_hellmonk_slimy_pipes

Skill      XL: |  1  2  3  4  5 |
---------------+----------------+-----
Short Blades   | 3 4 5 6 |  6.0
Dodging        | 2 |  2.6
Stealth        | 6 |  6.5
Fighting       | |  2.1
Throwing       | |  2.1

Action                   |  1- 3 |  4- 6 || total
-------------------------+-------+-------++-------
Melee: Dagger            |    23 |    56 ||    79
Invok: Curse Item        |     1 |     1 ||     2
  Use: Scroll            |       |     1 ||     1
 Stab: Sleeping          |    14 |    24 ||    38
       Distracted        |     1 |       ||     1
Armor: Robe              |     1 |     5 ||     6
Dodge: Dodged            |     5 |    20 ||    25

Table legend: (Time is in decaauts)
 A = Elapsed time spent in this place.
 B = Non-inter-level travel time spent in this place.
 C = Inter-level travel time spent in this place.
 D = Time resting spent in this place.
 E = Time spent auto-exploring this place.
 F = Levels seen in this place.
 G = Mean time per level.
                   A        B        C        D        E       F      G
               +--------+--------+--------+--------+--------+-----+--------+
         Total |   2766 |   2412 |    354 |    100 |   1958 |   4 |  691.5 |
       Dungeon |   2584 |   2230 |    354 |    100 |   1888 |   3 |  861.3 |
         Sewer |    181 |    181 |      0 |      0 |     70 |   1 |  181.0 |
               +--------+--------+--------+--------+--------+-----+--------+

Top non-repeatable levels by time:
     D:1: 1377 daAuts
     D:2: 1028 daAuts
   Sewer: 181 daAuts
     D:3: 178 daAuts
